 Dungeon Crawl Stone Soup version 0.17-a0-1337-ge651487 (webtiles) character file.

165 tinkerttoy the Ruffian (level 5, -3/41 HPs)
             Began as a Draconian Transmuter on June 10, 2015.
             Slain by Sigmund
             ... wielding a +0 scythe
              (12 damage)
             ... on level 4 of the Dungeon.
             The game lasted 00:06:46 (2791 turns).

tinkerttoy the Ruffian (Draconian Transmuter)       Turns: 2791, Time: 00:06:46

Health: -3/41      AC:  6    Str: 10 (13) XL:     5   Next: 22%
Magic:  2/9        EV: 12    Int: 14      God:
Gold:   235        SH:  0    Dex: 11      Spells: 2 memorised, 5 levels left

rFire  . . .     SeeInvis .       - Unarmed
rCold  . . .     Clarity  .     (armour unavailable)
rNeg   . . .     SustAt   .     (no shield)
rPois  .         Gourm    .     (helmet restricted)
rElec  .         Spirit   .     (no cloak)
rCorr  .         Warding  .     h - +0 pair of gloves
rMut   .         Stasis   .     (no boots)
MR     .....                    (no amulet)
Stlth  +.........               (no ring)
                                (no ring)

@: contaminated, glowing, not resistant to hostile enchantments, very unstealthy
A: unfitting armour, hooves 1, cold-blooded, subdued magic 1, AC +5
a: no special abilities


You were on level 4 of the Dungeon.
You were hungry.

You visited 1 branch of the dungeon, and saw 4 of its levels.

You collected 235 gold pieces.

Inventory:

Missiles
 a - 86 arrows
Armour
 h - a +0 pair of gloves (worn)
Scrolls
 e - a scroll of identify
 f - 4 scrolls of remove curse
 g - a scroll of enchant weapon {unknown}
 j - a scroll of enchant armour {unknown}
 k - a scroll of noise {unknown}
Potions
 d - 4 potions of curing
 i - 2 potions of lignification
 n - a potion of might
Books
 b - a book of Changes

   Spells                             Type                      Level
   a - Beastly Appendage              Transmutation                1
   b - Sticks to Snakes               Transmutation                2
   c - Spider Form                    Transmutation/Poison         3
   d - Ice Form                       Ice/Transmutation            4
   e - Blade Hands                    Transmutation                5
Comestibles
 c - a bread ration
 m - 2 meat rations
 r - a beef jerky


   Skills:
 + Level 2.2 Fighting
 + Level 2.6 Dodging
 + Level 0.2 Stealth
 + Level 4.2 Unarmed Combat
 + Level 2.8 Spellcasting
 + Level 2.4 Transmutations


You had 5 spell levels left.
You knew the following spells:

 Your Spells              Type           Power        Failure   Level  Hunger
a - Beastly Appendage     Trmt           #.....       4%          1    #......
b - Spider Form           Trmt/Pois      #.........   32%         3    ###....


Dungeon Overview and Level Annotations

Branches:
Dungeon (4/15)
 Temple: D:4-7

Altars:

Annotations:
D:4 Sigmund


Innate Abilities, Weirdness & Mutations

Your plain brown scales are hard (AC +5).
Your body does not fit into most forms of armour.
You are cold-blooded and may be slowed by cold attacks.
You have large cloven feet.
Your spells are a little easier to cast, but a little less powerful.


Message History

You tail-slap something.
You feel less confused.
Sigmund appears from thin air!
Reactivating autopickup.
Sigmund hits you with a scythe!
* * * LOW HITPOINT WARNING * * *
You hit Sigmund.
You tail-slap Sigmund, but do no damage.
Sigmund is severely wounded.
You hit Sigmund but do no damage.
Sigmund is severely wounded.
Your horns disappear.
Sigmund barely misses you.
You hit Sigmund. You kick Sigmund, but do no damage.
Sigmund is almost dead.
Sigmund casts a spell.
Sigmund flickers and vanishes!
Deactivating autopickup; reactivate with Ctrl-A.
You barely miss something.
Your tail-slap misses something.
Something hits you!
You die...

......# #.#
#.....#..##
##....#.#..##
..[.....!. .##
#........##..###
#..........#...####
#.##.#.......
#.##.{.......
###########.###@######
##..........†....#
...#########.###(#
#.## #.# #.# #.## #.#
#.. #..# #.. ....
##'#### #.# #.###
......# #.# #..
......# #.# .#


There were no monsters in sight!

Vanquished Creatures
  A worker ant (D:4)
  6 adders
  An ooze (D:1)
  2 worms (D:2)
  8 orcs (D:3)
  3 ball pythons (D:2)
  9 bats
  12 hobgoblins
  2 jackals (D:3)
  A quokka (D:2)
  2 giant geckos
  3 giant newts
  5 goblins
  6 kobolds
  11 rats
72 creatures vanquished.

Notes
Turn   | Place    | Note
--------------------------------------------------------------
     0 | D:1      | tinkerttoy the Draconian Transmuter began the quest for the Orb.
     0 | D:1      | Reached XP level 1. HP: 16/16 MP: 3/3
   286 | D:1      | Reached XP level 2. HP: 15/23 MP: 3/5
  1088 | D:2      | Reached XP level 3. HP: 28/28 MP: 6/6
  1200 | D:2      | Noticed Jessica
  1593 | D:2      | Reached XP level 4. HP: 26/36 MP: 5/7
  1735 | D:2      | Reached skill level 4 in Unarmed Combat
  1747 | D:2      | Gained mutation: You have large cloven feet. [potion of beneficial mutation]
  2252 | D:3      | Reached XP level 5. HP: 18/41 MP: 9/9
  2574 | D:3      | Learned a level 3 spell: Spider Form
  2621 | D:4      | Noticed a two-headed ogre
  2752 | D:4      | Noticed Sigmund
  2771 | D:4      | Gained mutation: Your spells are a little easier to cast, but a little less powerful. [mutagenic glow]
  2791 | D:4      | Slain by Sigmund

Vault maps used:
D:1:      wheals_arrival_shading
D:2:      uniq_jessica
D:4:      nicolae_ru_path_of_blood, gammafunk_temple_overflow_claw,
          grunt_ministairs_9, kennysheep_generic_room_8, uniq_sigmund

Action                   |  1- 3 |  4- 6 || total
-------------------------+-------+-------++-------
Melee: Unarmed           |   157 |   106 ||   263
 Cast: Beastly Appendage |    30 |    14 ||    44
       Spider Form       |       |     1 ||     1
  Use: Scroll            |       |     6 ||     6
       Potion            |       |     5 ||     5
 Stab: Sleeping          |     2 |       ||     2
  Eat: Chunk             |     3 |     4 ||     7
